 Dungeon Crawl Stone Soup version 0.20.1-1-g8b1a95d (webtiles) character file.

18 tidbits the Insei (level 2, 6/23 HPs)
             Began as a Demigod Transmuter on Aug 11, 2017.
             Quit the game on level 2 of the Dungeon.
             The game lasted 00:03:16 (468 turns).

tidbits the Insei (Demigod Transmuter)               Turns: 468, Time: 00:03:17

Health: 6/23       AC:  2    Str: 13    XL:     2   Next: 33%
Magic:  7/7        EV: 13    Int: 17    God:
Gold:   15         SH:  0    Dex: 16    Spells: 3/4 levels left

rFire    . . .     SeeInvis .     - Unarmed
rCold    . . .     Gourm    .   (no shield)
rNeg     . . .     Faith    .   b - +0 robe
rPois    .         Spirit   .   (no helmet)
rElec    .         Reflect  .   (no cloak)
rCorr    .         Harm     .   (no gloves)
MR       .....                  (no boots)
Stlth    +.........             m - amulet of magic regeneration
Regen    0.1/turn               (no ring)
MPRegen  0.2/turn               (no ring)

@: lethally poisoned (6 -> -4), appendage (expiring), berserk cooldown, slowed,
very slow
A: horns 2, high mp 1
a: End Transformation


You were on level 2 of the Dungeon.
You were not hungry.
You had grown temporary horns.
You visited 1 branch of the dungeon, and saw 2 of its levels.

You collected 15 gold pieces.

Inventory:

Missiles
 a - 12 arrows
 h - 34 stones (quivered)
Armour
 b - a +0 robe (worn)
 i - a +0 buckler
Jewellery
 m - an amulet of magic regeneration (around neck)
   (You found it on level 1 of the Dungeon)
Scrolls
 e - a scroll of remove curse {unknown}
 f - a scroll of amnesia {unknown}
 j - 2 scrolls of teleportation {unknown}
 k - a scroll of enchant armour {unknown}
 l - 2 scrolls of immolation {unknown}
Books
 c - a book of Changes

   Spells                             Type                      Level
   a - Beastly Appendage              Transmutation                1
   b - Sticks to Snakes               Transmutation                2
   c - Spider Form                    Transmutation/Poison         3
   d - Ice Form                       Ice/Transmutation            4
   e - Blade Hands                    Transmutation                5
Comestibles
 d - 2 bread rations


   Skills:
 - Level 1.0 Fighting
 - Level 2.0 Dodging
 + Level 3.3 Unarmed Combat
 - Level 1.7 Spellcasting
 - Level 1.8 Transmutations


You had 3 spell levels left.
You knew the following spells:

 Your Spells              Type           Power        Failure   Level  Hunger
e - Beastly Appendage     Tmut           #.....       10%         1    #......


Dungeon Overview and Level Annotations

Branches:
Dungeon (2/15)


Innate Abilities, Weirdness & Mutations

You have an increased reservoir of magic. (+10% MP)
You have a pair of horns on your head.


Message History

Found a spear.
n - a dark potion A kobold comes into view.
Casting: Beastly Appendage
Confirm with . or Enter, or press ? or * to list all spells.
You miscast Beastly Appendage.
You are very lightly contaminated with residual magic.
Nothing appears to happen.
Casting: Beastly Appendage
Confirm with . or Enter, or press ? or * to list all spells.
You miscast Beastly Appendage.
Your skin tingles.
Casting: Beastly Appendage
Confirm with . or Enter, or press ? or * to list all spells.
You grow a pair of large bovine horns.
The kobold shouts!
You hit the kobold.
You kill the kobold!
h - 34 stones (gained 4)
You see here a kobold corpse.
Your transformation is almost over.
Your horns disappear.
Found a trident.
Found a stone staircase leading up.
There is a stone staircase leading up here.
You climb upwards.
There is a stone staircase leading down here.
Found a robe.
There is a stone staircase leading down here.
You climb downwards.
There is a stone staircase leading up here.
Your magical contamination has completely faded away.
A rat comes into view.
Casting: Beastly Appendage
Confirm with . or Enter, or press ? or * to list all spells.
Your feet morph into talons.
The rat barely misses you.
You hit the rat.
You kill the rat!
Your transformation is almost over.
Found 7 gold pieces.
Your talons disappear.
You now have 15 gold pieces (gained 7).
Found a scroll labeled VAYNLA ELUT.
j - 2 scrolls labeled VAYNLA ELUT (gained 1)
Found a robe.
Found a scroll labeled GICLOLOELA.
l - 2 scrolls labeled GICLOLOELA (gained 1)
An adder comes into view.
Casting: Beastly Appendage
Confirm with . or Enter, or press ? or * to list all spells.
You grow a pair of large bovine horns.
It was a potion of curing.
You feel better.
The adder hisses angrily.
The adder bites you.
You closely miss the adder. Your headbutt misses the adder.
The adder bites you but does no damage.
You hit the adder. Your headbutt misses the adder.
The adder is moderately wounded.
The adder bites you.
You are poisoned.
The adder poisons you! The adder bites you.
You are lethally poisoned!
The adder poisons you!
You miss the adder. Your headbutt misses the adder.
The adder is moderately wounded.
You feel sick. The adder closely misses you.
You hit the adder. Your headbutt misses the adder.
The adder is severely wounded.
You feel sick. The adder barely misses you.
You closely miss the adder.
The adder is severely wounded.
Your transformation is almost over.
You feel sick. The adder bites you.
* * * LOW HITPOINT WARNING * * *
You are more poisoned.
The adder poisons you!
You hit the adder.
You kill the adder!
You have reached level 2!
* * * LOW HITPOINT WARNING * * *
You feel sick.
It was a potion of berserk rage.
A red film seems to cover your vision as you go berserk!
You feel yourself moving faster!
You feel mighty!
You feel sick.
You feel a strong urge to attack something.
You feel sick.
You feel your anger subside.
You feel sick.
You are no longer berserk.
You pass out from exhaustion.
You feel yourself slow down.
* * * LOW HITPOINT WARNING * * *
You feel sick.
* * * LOW HITPOINT WARNING * * *
You feel sick.
* * * LOW HITPOINT WARNING * * *
You feel sick.
You can move again.
Unknown command.
Are you sure you want to abandon this character and quit the game? (Confirm with "yes".)

#.###...####.....
#.##..####....#..
#######
#.##............#
#.....#
#.##†######......
#.....##
##.##.............
#...<..#
#........)........
#......#
#.####............
#.....>..##.#
#############
..###.....##@# ##
#........#
#.....##.#
#.....##.#
########.# #†# #.#
... ###


There were no monsters in sight!

Vanquished Creatures
  An adder (D:2)
  A leopard gecko (D:1)
  3 hobgoblins (D:1)
  A bat (D:1)
  A kobold (D:2)
  2 rats
9 creatures vanquished.

Notes
Turn   | Place    | Note
-------+----------+-------------------------------------------
     0 | D:1      | tidbits the Demigod Transmuter began the quest for the Orb.
     0 | D:1      | Reached XP level 1. HP: 15/15 MP: 5/5
    48 | D:1      | Reached skill level 1 in Fighting
    81 | D:1      | Reached skill level 2 in Dodging
   118 | D:1      | Reached skill level 3 in Unarmed Combat
   458 | D:2      | Reached XP level 2. HP: 11/23 MP: 7/7
   468 | D:2      | Quit the game

Skill      XL: |  1 |
---------------+----+-----
Fighting       | 1 |  1.0
Dodging        | 2 |  2.0
Unarmed Combat | 3 |  3.3
Spellcasting   | |  1.7
Transmutations | |  1.8

Action                   || total
-------------------------++-------
Melee: Unarmed           ||    22
       Headbutt          ||     3
 Cast: Beastly Appendage ||    10
  Use: Potion            ||     2
 Stab: Sleeping          ||     1
Armor: Robe              ||     1
Dodge: Dodged            ||     7

Table legend:
 A = Turns spent in this place as a percentage of turns spent in the entire game.
 B = Non-inter-level travel turns spent in this place as a percentage of non-inter-level travel turns spent in the entire game.
 C = Inter-level travel turns spent in this place as a percentage of turns spent in this place.
 D = Turns resting spent in this place as a percentage of non-inter-level travel turns spent in this place.
 E = Turns spent auto-exploring this place as a percentage of non-inter-level travel turns spent in this place.
 F = Non-inter-level travel turns spent in this place divided by the number of levels of this place that you've seen.
                   A       B       C       D       E      F
               +-------+-------+-------+-------+-------+----------------------
         Total | 100.0 | 100.0 |   0.0 |   0.0 |   0.0 | 215.0
       Dungeon | 100.0 | 100.0 |   0.0 |   0.0 |   0.0 | 215.0
               +-------+-------+-------+-------+-------+----------------------

Table legend:
 A = Kills in this place as a percentage of kills in entire the game.
 B = Kills by you in this place as a percentage of kills by you in the entire game.
 C = Kills by friends in this place as a percentage of kills by friends in the entire game.
 D = Other kills in this place as a percentage of other kills in the entire game.
 E = Experience gained in this place as a percentage of experience gained in the entire game.
 F = Experience gained in this place divided by the number of levels of this place that you have seen.
                   A       B       C       D       E      F
               +-------+-------+-------+-------+-------+----------------------
         Total | 100.0 | 100.0 |  -nan |  -nan | 100.0 |  13.0
       Dungeon | 100.0 | 100.0 |  -nan |  -nan | 100.0 |  13.0
               +-------+-------+-------+-------+-------+----------------------

Vault maps used:
D:1:      scummos_arrival_simple_fountains, corexii_leaking_fountain,
          minivault_25, minmay_misc_feat_more_columns
D:2:      minmay_misc_feat_x, minivault_4, uniq_crazy_yiuf_cottage
